 Dungeon Crawl Stone Soup version 0.31-a0-799-g6bc09d010c (webtiles) character file.

Game seed: 11137932777123002977

105950 Lagartolina the Executioner (level 15, -7/141 HPs)
             Began as a Minotaur Berserker on Sept 19, 2023.
             Was the Champion of Trog.
             Mangled by a nine-headed hydra (13 damage)
             ... called by a spriggan druid
             ... on level 1 of the Swamp.
             The game lasted 02:05:53 (19385 turns).

Lagartolina the Executioner (Minotaur Berserker)   Turns: 19385, Time: 02:05:56

Health: -7/141     AC: 19    Str: 28    XL:     15   Next: 96%
Magic:  14/14      EV: 21    Int:  4    God:    Trog [******]
Gold:   632        SH:  0    Dex: 11    Spells: 14/14 levels left

rFire   . . .        R - +5 Lochaber axe {reach-cleave, Poleaxe Drain}
rCold   + . .        (shield currently unavailable)
rNeg    . . .        i - +1 plate armour {Will+}
rPois   +            n - +2 hat
rElec   .            V - +1 cloak of Vossuuf {rPois rC+}
rCorr   .            t - +2 pair of gloves {Stlth+}
SInv    .            (no boots)
Will    ++++.        d - amulet of regeneration Stlth
                     E - +5 ring of evasion
HPRegen 2.23/turn    D - +5 ring of evasion
MPRegen 0.14/turn

%: no passive effects
@: strong-willed, corroded, on berserk cooldown, regenerating, hasted and
slowed, studying Fighting, very slow
A: horns 2, retaliatory headbutt
a: Renounce Religion, Berserk, Trog's Hand, Brothers in Arms


You were on level 1 of the Swamp.
You worshipped Trog.
Trog was exalted by your worship.
You visited 4 branches of the dungeon, and saw 20 of its levels.
You also visited: Gauntlet and Ice Cave.

You collected 2408 gold pieces.
You spent 1776 gold pieces at shops.

Inventory:

Hand Weapons
 r - the +9 orcbow of the Tired Places {drain, Contam rElec rPois SInv}
   (You found it on level 5 of the Lair of Beasts)

   rElec:     It insulates you from electricity.
   rPois:     It protects you from poison SInv: It lets you see invisible.
   Contam:    It causes magical contamination when unequipped.
 N - a +2 broad axe of flaming
 R - the +5 Lochaber axe (weapon) {reach-cleave, Poleaxe Drain}
   (You took it off a wight on level 9 of the Dungeon)

   Poleaxe:   It uses either Axes or Polearms skill, whichever is higher.
   Drain:     It drains your maximum health when unequipped.
 Z - a +2 heavy battleaxe
Missiles
 f - 7 silver javelins
 q - 29 boomerangs (quivered)
 x - 3 throwing nets
Armour
 i - a +1 plate armour of willpower (worn)
 n - a +2 hat (worn)
 o - the +3 leather armour "Liedgh" {rElec}
   (You found it in a Gauntlet)

   rElec:     It insulates you from electricity.
 t - a +2 pair of gloves of stealth (worn)
 u - a +2 kite shield of cold resistance
 V - the +1 cloak of Vossuuf (worn) {rPois rC+}
   (You found it on level 1 of the Lair of Beasts)

   rC+:       It protects you from cold.
   rPois:     It protects you from poison
 Y - +0 acid dragon scales
Jewellery
 d - an amulet of regeneration (around neck)
 m - a ring of flight
 D - a +5 ring of evasion (right hand)
 E - a +5 ring of evasion (left hand)
 H - an amulet of guardian spirit
 M - an amulet of reflection
 O - a ring of positive energy
 T - a +4 ring of protection
 X - a ring of protection from cold
Wands
 l - a wand of iceblast (10)
 s - a wand of quicksilver (12)
 z - a wand of mindburst (10)
 J - a wand of paralysis (3)
 P - a wand of polymorph (8)
Scrolls
 a - 3 scrolls of fog
 g - 2 scrolls of brand weapon
 v - 7 scrolls of teleportation
 y - 2 scrolls of poison
 G - a scroll of silence
 I - 4 scrolls of fear
 K - 2 scrolls of identify
 L - 8 scrolls of immolation
 S - 4 scrolls of blinking
 U - 5 scrolls of enchant weapon
 W - 2 scrolls of revelation
Potions
 b - 7 potions of curing
 c - a potion of resistance
 e - 5 potions of might
 h - 2 potions of berserk rage
 j - 9 potions of heal wounds
 k - 2 potions of cancellation
 p - 2 potions of invisibility
 A - a potion of ambrosia
 C - 4 potions of haste
 F - a potion of mutation
 Q - a potion of lignification


   Skills:
 - Level 15.0 Fighting
 + Level 24.4 Axes
 - Level 5.0 Throwing
 + Level 16.9 Armour
 - Level 8.0 Dodging
 - Level 0.1 Stealth
 - Level 5.0 Shields


You had 14 spell levels left.
You didn't know any spells.
Your spell library was empty.

Dungeon Overview and Level Annotations

Branches:
Dungeon (12/15)            Temple (0/1) D:5            Lair (5/5) D:10
  Swamp (1/4) Lair:3        Snake (0/4) Lair:2        Slime (0/5) Lair:4
    Orc (2/2) D:11            Elf (0/3) Orc:2         IceCv (visited)
Gauntlet (visited)

Altars:
Hepliaklqana
Okawaru
Qazlal
Ru
Trog
Uskayaw
Vehumet
Wu Jian
Xom
Jiyva

Shops:
Orc:2 ???

Annotations:
D:4 1 runed translucent door
Lair:1 2 transporters, schaIuck's ghost, journeyman GrEE
Lair:4 1 runed translucent door


Innate Abilities, Weirdness & Mutations

You have a pair of horns on your head.
You reflexively headbutt those who attack you in melee.


Message History

The nine-headed hydra closely misses you.
The nine-headed hydra bites you but does no damage.
The nine-headed hydra misses you.
The nine-headed hydra barely misses you. x2
The nine-headed hydra misses you. x2
Blink to where?
Press: ? - help, Dir - move target, p - goliath frog
As you read the scroll of blinking, it crumbles to dust.
You feel yourself speed up.
You enter the shallow water.
Moving in this stuff is going to be slow.
The goliath frog hits you but does no damage.
The goliath frog barely misses you. The goliath frog closely misses you.
The goliath frog misses you.
The nine-headed hydra attacks as it pursues you!
The nine-headed hydra bites you.
* * * LOW HITPOINT WARNING * * *
The nine-headed hydra bites you but does no damage.
The nine-headed hydra bites you!
* * * LOW HITPOINT WARNING * * *
The nine-headed hydra bites you but does no damage.
The nine-headed hydra bites you.
* * * LOW HITPOINT WARNING * * *
The nine-headed hydra bites you!
* * * LOW HITPOINT WARNING * * *
The nine-headed hydra barely misses you.
The nine-headed hydra misses you. The nine-headed hydra bites you!
* * * LOW HITPOINT WARNING * * *
The goliath frog attacks as it pursues you!
The goliath frog barely misses you.
The nine-headed hydra closely misses you.
The nine-headed hydra completely misses you. x3
The nine-headed hydra bites you.
* * * LOW HITPOINT WARNING * * *
The nine-headed hydra completely misses you.
The nine-headed hydra misses you.
The nine-headed hydra closely misses you.
The nine-headed hydra bites you!
You die...

♣.......♣♣♣♣.~~.§♣♣♣ ♣♣~♣
.......♣~♣♣...~..♣.♣♣ ♣.~♣
§.♣♣!~.~§.♣♣.♣♣~.~.~♣ ♣♣..♣
♣..♣♣)~~.~..♣~♣ ♣♣...♣
♣..♣♣~....†~~~♣♣♣ ♣.~~.♣
♣.~~.♣♣.§♣.~~~...♣♣♣♣♣~..♣
♣$~~♣ ♣.♣♣.>F~~~~..♣♣..~.♣
♣~..♣♣~.♣♣♣.♣D~~§~.~..~§.♣ ♣
♣~~...~♣♣♣...~@....~~§~~.♣♣♣♣
♣ ♣~~~~.♣
♣.♣♣♣♣..~~~.~.~....♣♣♣ ... ♣.
♣♣.~~~.~§.......# ♣~
♣♣~.§~~~~....... ~~
♣♣.~~~§~.....~. ~
♣....~..†...~. ♣♣♣
♣♣.~~~......~.
~~...♣♣♣.~~.~~.##...†
♣~~~......~~~~..##..#


You could see a nine-headed hydra and a goliath frog.

Vanquished Creatures
  2 orc warlords (Orc:2)
  2 ghouls (Swamp:1)
  The ghost of ouz the Black Belt, a journeyman DsSh of Uskayaw (Lair:5)
  2 minotaurs
  A fire dragon (Lair:5)
  4 hydras
  An alligator (Swamp:1)
  2 ghost crabs (Lair:3)
  Erica (D:10)
  3 catoblepae
  5 boulder beetles
  2 ironbound frosthearts (IceCv)
  8 two-headed ogres
  6 death yaks
  Sonja (Lair:3)
  4 orc high priests (Orc:2)
  A fire crab (Gauntlet)
  Nergalle (Lair:3)
  A skyshark (Lair:4)
  A spectral death yak (Lair:3)
  A spriggan druid (Swamp:1)
  2 goliath frogs (Swamp:1)
  A swamp dragon (Lair:5)
  A spectral hydra (Lair:3)
  8 orc knights
  A wolf spider (Lair:5)
  A necromancer (Gauntlet)
  An oklob plant (Lair:1)
  2 ugly things (D:12)
  6 orc sorcerers
  3 manticores
  A will-o-the-wisp (Swamp:1)
  14 elephants
  An ice statue (IceCv)
  11 black mambas
  A smoke demon (D:11)
  A rust devil (D:11)
  2 gargoyles
  2 guardian serpents
  12 cane toads
  The ghost of Heedrag the Insei, a novice DsSh (D:4)
  A torpor snail (Lair:5)
  Maggie (D:8)
  3 unseen horrors
  9 rime drakes
  14 komodo dragons
  2 ice devils (Lair:2)
  A red devil (D:11)
  A tyrant leech (Swamp:1)
  3 hornets (Lair:5)
  13 polar bears
  11 trolls
  11 blink frogs
  A spectral black mamba (Lair:3)
  Sigmund (D:2)
  3 slime creatures (D:12)
  3 shadows (D:11)
  A water elemental (D:12)
  14 wyverns
  A wraith (D:9)
  77 yaks
  2 unseen horror simulacra (D:10)
  4 fire bats (Gauntlet)
  2 basilisks
  4 steam dragons
  A redback (Lair:5)
  2 hell hounds (Gauntlet)
  6 wargs
  3 acid dragons
  5 swamp worms (Swamp:1)
  17 water moccasins
  A spectral torpor snail (Lair:3)
  A sky beast (D:8)
  4 swamp drakes
  An ice beast (D:6)
  49 orc warriors
  12 ogres
  26 wolves
  4 centaurs
  7 phantoms
  2 kobold brigands
  Blork the orc (D:5)
  12 bullfrogs
  A gnoll sergeant (D:8)
  4 scorpions
  A necrophage (Swamp:1)
  4 wights (D:9)
  2 troll zombies (D:11)
  8 killer bees
  10 electric eels
  2 howler monkeys
  A crimson imp (D:5)
  5 hounds
  A jelly (D:5)
  32 orc priests
  7 iguanas
  Natasha (thrice) (D:2)
  27 orc wizards
  2 sleepcaps (D:5)
  2 centaur simulacra (D:10)
  6 ogre zombies (D:11)
  Robin (D:2)
  8 adders
  8 gnolls
  2 river rats (D:4)
  A shadow imp (D:7)
  4 white imps
  2 ufetubi
  4 worms
  2 dart slugs (D:3)
  95 orcs
  4 endoplasms
  4 giant cockroaches
  22 goblins
  10 hobgoblins
  7 jackals
  5 quokkas
  2 ball pythons (D:1)
  6 bats
  A frilled lizard (D:1)
  2 goblin skeletons (D:11)
  6 goblin zombies (D:11)
  3 hobgoblin skeletons (D:11)
  2 hobgoblin zombies (D:11)
  17 kobolds
  An orc skeleton (D:11)
  11 orc zombies (D:11)
  6 rats
813 creatures vanquished.

Vanquished Creatures (others)
  An orc priest (Orc:2)
  2 foxfires (Swamp:1)
3 creatures vanquished.

Grand Total: 816 creatures vanquished

Notes
Turn   | Place    | Note
-------+----------+-------------------------------------------
     0 | D:1      | Lagartolina the Minotaur Berserker began the quest for the
                  | Orb.
     0 | D:1      | Reached XP level 1. HP: 19/19 MP: 0/0
   125 | D:1      | Reached skill level 4 in Axes
   257 | D:1      | Reached XP level 2. HP: 26/26 MP: 1/1
   580 | D:1      | Reached ** piety under Trog
   701 | D:2      | Reached skill level 5 in Axes
   701 | D:2      | Reached XP level 3. HP: 20/31 MP: 2/2
   754 | D:2      | Noticed Robin
   775 | D:2      | Killed Robin
   925 | D:2      | Noticed Sigmund
   930 | D:2      | Killed Sigmund
   931 | D:2      | Reached skill level 7 in Axes
   931 | D:2      | Reached XP level 4. HP: 39/39 MP: 3/3
   931 | D:2      | Reached XP level 5. HP: 45/45 MP: 4/4
   962 | D:2      | Noticed Natasha
   972 | D:2      | Killed Natasha
   973 | D:2      | Reached skill level 8 in Axes
  1173 | D:2      | Reached XP level 6. HP: 52/52 MP: 5/5
  1174 | D:2      | Noticed Natasha
  1181 | D:2      | Killed Natasha
  1895 | D:2      | Noticed Natasha
  1901 | D:2      | Killed Natasha
  2270 | D:4      | Found a runed translucent door.
  2282 | D:4      | Noticed Heedrag's ghost (novice DsSh)
  2343 | D:4      | Found a runed translucent door.
  2388 | D:4      | Reached skill level 9 in Axes
  2388 | D:4      | Reached XP level 7. HP: 59/59 MP: 6/6
  2896 | D:5      | Entered Level 5 of the Dungeon
  2896 | D:5      | Noticed Blork the orc
  2900 | D:5      | Killed Blork the orc
  3017 | D:5      | Reached skill level 5 in Fighting
  3019 | D:5      | Reached skill level 5 in Armour
  3048 | D:5      | Reached skill level 10 in Axes
  3048 | D:5      | Reached XP level 8. HP: 68/68 MP: 7/7
  3104 | D:5      | Reached *** piety under Trog
  3166 | D:5      | Reached skill level 11 in Axes
  3172 | D:5      | Noticed a troll
  3180 | D:5      | Killed a troll
  3326 | D:5      | Found a staircase to the Ecumenical Temple.
  3366 | D:5      | Reached skill level 12 in Axes
  3676 | D:5      | Found a bloodstained altar of Trog.
  3804 | D:5      | Identified the +2 chain mail of Ijadamiz {Str+4}
  4224 | D:6      | Reached XP level 9. HP: 74/74 MP: 8/8
  4342 | D:6      | Reached skill level 13 in Axes
  4342 | D:6      | Reached **** piety under Trog
  4763 | D:7      | Reached skill level 5 in Dodging
  4914 | D:7      | Found a shimmering altar of Xom.
  5216 | D:7      | Reached skill level 14 in Axes
  5528 | D:8      | Noticed a troll
  5535 | D:8      | Killed a troll
  5536 | D:8      | Reached skill level 15 in Axes
  5594 | D:8      | Noticed Maggie
  5611 | D:8      | Killed Maggie
  5612 | D:8      | Reached XP level 10. HP: 64/81 MP: 9/9
  5805 | D:8      | Found an ornate altar of the Wu Jian Council.
  6006 | D:9      | Reached skill level 16 in Axes
  6192 | D:9      | Reached skill level 1 in Shields
  6259 | D:9      | Reached ***** piety under Trog
  6742 | D:4      | Killed Heedrag's ghost
  6845 | D:10     | Entered Level 10 of the Dungeon
  6924 | D:10     | Found a staircase to the Lair.
  6929 | D:10     | Noticed a manticore
  6938 | D:10     | Killed a manticore
  6939 | D:10     | Reached skill level 5 in Shields
  6948 | D:10     | Reached skill level 17 in Axes
  6948 | D:10     | Reached XP level 11. HP: 78/94 MP: 10/10
  7056 | D:10     | Noticed Erica
  7067 | D:10     | Killed Erica
  7210 | D:10     | Found an iron altar of Okawaru.
  7210 | D:10     | Found a radiant altar of Vehumet.
  7210 | D:10     | Found a hazy altar of Hepliaklqana.
  7210 | D:10     | Found a sacrificial altar of Ru.
  7214 | D:10     | Noticed a two-headed ogre
  7230 | D:10     | Killed a two-headed ogre
  7268 | D:10     | Found a stormy altar of Qazlal.
  7268 | D:10     | Found a hide-covered altar of Uskayaw.
  7314 | D:10     | Noticed a two-headed ogre
  7440 | D:10     | Killed a two-headed ogre
  7611 | D:10     | Noticed a two-headed ogre
  7618 | D:10     | Killed a two-headed ogre
  8085 | D:11     | Found a staircase to the Orcish Mines.
  8099 | D:11     | Reached skill level 18 in Axes
  8149 | D:11     | Found a gate leading to a gauntlet.
  8152 | D:11     | Noticed a boulder beetle
  8158 | Gauntlet | Entered a Gauntlet
  8158 | Gauntlet | Found a transporter.
  8158 | Gauntlet | Found a transporter.
  8165 | Gauntlet | Noticed a catoblepas
  8166 | Gauntlet | Found a transporter.
  8169 | Gauntlet | Found a transporter.
  8169 | Gauntlet | Found a transporter.
  8188 | Gauntlet | Found a transporter.
  8200 | Gauntlet | Found a transporter.
  8218 | Gauntlet | Found a transporter.
  8220 | Gauntlet | Found a transporter.
  8220 | Gauntlet | Found a transporter.
  8222 | Gauntlet | Noticed a wretched star
  8233 | Gauntlet | Found a transporter.
  8245 | Gauntlet | Noticed a quicksilver ooze
  8248 | Gauntlet | Found a transporter.
  8256 | Gauntlet | Noticed a fire crab
  8258 | Gauntlet | Found a transporter.
  8272 | Gauntlet | Found a transporter.
  8300 | Gauntlet | Noticed a necromancer
  8348 | Gauntlet | Killed a catoblepas
  8349 | Gauntlet | Reached skill level 10 in Fighting
  8406 | Gauntlet | Killed a necromancer
  8468 | Gauntlet | Killed a fire crab
  8521 | Gauntlet | Identified the -1 pair of gloves "Uliudd" {rC++ Dex+3}
  8587 | Gauntlet | Noticed a minotaur
  8597 | Gauntlet | Killed a minotaur
  8598 | Gauntlet | Reached XP level 12. HP: 106/106 MP: 11/11
  8606 | Gauntlet | Identified the +3 leather armour "Liedgh" {rElec}
  8694 | D:11     | Killed a boulder beetle
  8782 | D:11     | Noticed a two-headed ogre
  8789 | D:11     | Killed a two-headed ogre
  9176 | D:11     | Noticed a five-headed hydra
  9184 | D:11     | Killed a two-headed hydra
  9434 | D:12     | Noticed a boulder beetle
  9446 | D:12     | Killed a boulder beetle
  9536 | D:12     | Noticed a boulder beetle
  9553 | D:12     | Killed a boulder beetle
  9574 | D:12     | Reached skill level 19 in Axes
  9578 | D:12     | Noticed a two-headed ogre
  9581 | D:12     | Noticed a boulder beetle
  9588 | D:12     | Killed a two-headed ogre
  9589 | D:12     | Reached skill level 10 in Armour
  9615 | D:12     | Killed a boulder beetle
 10025 | D:12     | Reached skill level 20 in Axes
 10096 | D:12     | Noticed a boulder beetle
 10114 | D:12     | Killed a boulder beetle
 10652 | Lair:1   | Entered Level 1 of the Lair of Beasts
 10657 | Lair:1   | Found a transporter.
 10687 | Lair:1   | Identified the +1 cloak of Vossuuf {rPois rC+}
 10701 | Lair:1   | Reached skill level 1 in Throwing
 10769 | Lair:1   | Found a transporter.
 10772 | Lair:1   | Noticed schaIuck's ghost (journeyman GrEE)
 10825 | Lair:1   | Reached XP level 13. HP: 113/113 MP: 12/12
 11726 | Lair:2   | Found a frozen archway.
 11735 | IceCv    | Entered an ice cave
 11824 | IceCv    | Reached skill level 5 in Throwing
 11835 | IceCv    | Reached skill level 21 in Axes
 12042 | IceCv    | Received a gift from Trog
 12222 | IceCv    | Identified the +1 chain mail of the Imp {Contam rPois rC+
                  | Stlth+}
 12278 | IceCv    | Reached skill level 22 in Axes
 12934 | Lair:2   | Found a staircase to the Snake Pit.
 13252 | Lair:3   | Reached XP level 14. HP: 125/126 MP: 13/13
 13265 | Lair:3   | Noticed Sonja
 13283 | Lair:3   | Killed Sonja
 13357 | Lair:3   | Noticed Nergalle
 13841 | Lair:3   | Killed Nergalle
 13841 | Lair:3   | Received a gift from Trog
 13939 | Lair:3   | Found a staircase to the Swamp.
 14437 | Lair:4   | Reached skill level 15 in Fighting
 14527 | Lair:4   | Found a runed translucent door.
 14527 | Lair:4   | Found a viscous altar of Jiyva.
 14527 | Lair:4   | Found a staircase to the Slime Pits.
 14846 | Lair:4   | Identified the +1 leather armour of Nadiph {Dex+2}
 15381 | Orc:1    | Entered Level 1 of the Orcish Mines
 15530 | Orc:1    | Found a bloodstained altar of Trog.
 15657 | Orc:2    | Entered Level 2 of the Orcish Mines
 15967 | Orc:2    | Noticed an orc warlord
 15975 | Orc:2    | Killed an orc warlord
 16115 | Orc:2    | Found a staircase to the Elven Halls.
 16269 | Orc:2    | Received a gift from Trog
 16513 | Orc:2    | Found Loryuhas's Magic Scroll Boutique.
 16541 | Orc:2    | Found Qeppev's Distillery.
 16544 | Orc:2    | Reached XP level 15. HP: 141/141 MP: 14/14
 16821 | Orc:2    | Reached skill level 23 in Axes
 16839 | Orc:2    | Found Ganamaol's Magic Scroll Boutique.
 16900 | Orc:2    | Reached ****** piety under Trog
 16903 | Orc:2    | Found Ziaqy's Magic Scroll Shop.
 16971 | Orc:2    | Received a gift from Trog
 17206 | Orc:2    | Bought a scroll of identify for 26 gold pieces
 17206 | Orc:2    | Bought a scroll of acquirement for 676 gold pieces
 17206 | Orc:2    | Bought a scroll of blinking for 97 gold pieces
 17206 | Orc:2    | Bought a scroll of identify for 26 gold pieces
 17206 | Orc:2    | Bought a scroll of identify for 26 gold pieces
 17209 | Orc:2    | Acquired 432 gold pieces
 17267 | Orc:2    | Bought a scroll of identify for 28 gold pieces
 17267 | Orc:2    | Bought a scroll of identify for 28 gold pieces
 17570 | Orc:2    | Bought a scroll of blinking for 105 gold pieces
 17570 | Orc:2    | Bought a scroll of teleportation for 42 gold pieces
 17570 | Orc:2    | Bought a scroll of silence for 133 gold pieces
 17570 | Orc:2    | Bought a scroll of enchant weapon for 105 gold pieces
 17570 | Orc:2    | Bought a scroll of blinking for 105 gold pieces
 17570 | Orc:2    | Bought a scroll of teleportation for 42 gold pieces
 17598 | Orc:2    | Bought 2 scrolls of revelation for 225 gold pieces
 17598 | Orc:2    | Bought a scroll of enchant weapon for 112 gold pieces
 17820 | Lair:5   | Entered Level 5 of the Lair of Beasts
 17862 | Lair:5   | Reached skill level 15 in Armour
 18314 | Lair:5   | Received a gift from Trog
 18368 | Lair:5   | Noticed ouz's ghost (journeyman DsSh)
 18395 | Lair:5   | Reached skill level 24 in Axes
 18415 | Lair:5   | Found a runed translucent gate.
 18415 | Lair:5   | Found a runed translucent gate.
 18415 | Lair:5   | Found a runed translucent gate.
 18852 | Lair:5   | Identified the +9 orcbow of the Tired Places {drain, Contam
                  | rElec rPois SInv}
 19005 | Lair:5   | Killed ouz's ghost
 19156 | Swamp:1  | Entered Level 1 of the Swamp
 19385 | Swamp:1  | HP: 6/141 [nine-headed hydra[a spriggan druid] (2)]
 19385 | Swamp:1  | Mangled by a nine-headed hydra

Illustrated notes

Levels and vault maps discovered:
D:1:      scummos_arrival_simple_fountains, layout_basic,
          chequers_serial_rivers_small_3, st_stairs_7
D:2:      layout_basic, uniq_robin, uniq_natasha, uniq_sigmund
D:3:      layout_basic, serial_park_tiny_2
D:4:      layout_gridville, ebering_ghost_sewer_f
D:5:      cheibrodos_fzero, layout_loops_ring, old_standard_altar,
          minmay_temple_entry_sparse_star, minmay_fire_ice_demons,
          uniq_blork_the_orc
D:6:      layout_loops_cross, minmay_ogre_servants
D:7:      layout_loops_cross, mainiacjoe_overflow_boulevard,
          minmay_unpleasant_kobolds
D:8:      layout_rooms, mainiacjoe_overflow_surrounded_room,
          serial_park_tiny_pond, uniq_maggie
D:9:      layout_rooms, minmay_misc_feat_room
D:10:     layout_roguey, minmay_overflow_temple_hex, david_lair_shrubbed,
          serial_ice, serial_ice_d, serial_ice_a, serial_ice_c, serial_ice_e,
          kennysheep_generic_room_9, uniq_erica
D:11:     layout_cross, zombieorc2_lemuel, gauntlet_entry_generic,
          nicolae_where_there's_smoke
D:12:     layout_basic
Lair:1:   layout_long_grid, serial_rivers, chequers_serial_rivers_micro_a,
          chequers_serial_rivers_small_b, chequers_serial_rivers_micro_e,
          chequers_serial_rivers_micro_c, chequers_serial_rivers_micro_d,
          chequers_serial_rivers_micro_a, gammafunk_ghost_arena,
          minmay_lair_oklob_bushes, beast_lair_carwin_3
Lair:2:   layout_cave_pods, minmay_snake_entry_spellcaster,
          portal_ice_cave_demonic_guard, nicolae_quartered_pool_super,
          serial_bayou_pond_e, grunt_megastairs_5
Lair:3:   layout_hall_layers, nicolae_swamp_entry_spooky,
          infiniplex_staircase_pool_2, uniq_nergalle, uniq_sonja
Lair:4:   layout_regular_city, slime_entry_2, serial_bayou_shore_b
Lair:5:   hangedman_lair_tendril_chambers, layout_small_grid,
          guppyfry_lair_end_dragon, maelrawn_ghost_gauntlet_escape, st_stairs_5
Swamp:1:  layout_falls_marsh, serial_swamp_ruin, evilmike_swamp_ruin_house_4,
          evilmike_swamp_ruin_house_6, evilmike_swamp_ruin_house_3, swamp_pool2
Orc:1:    layout_caves, basic_altar, david_defended_altar_orc
Orc:2:    pubby_orc_utopia

Skill      XL: |  1  2  3  4  5  6  7  8  9 10 11 12 13 14 15 |
---------------+----------------------------------------------+-----
Axes           | 4 5 7 8 9 10 12 15 17 18 20 22 24 | 24.4
Fighting       | 4 5 8 10 12 15 | 15.0
Armour         | 3 5 7 10 14 16 | 16.9
Dodging        | 3 5 8 |  8.0
Shields        | 5 |  5.0
Throwing       | 1 5 |  5.0
Stealth        | |  0.1

Action                     |  1- 3 |  4- 6 |  7- 9 | 10-12 | 13-15 || total
---------------------------+-------+-------+-------+-------+-------++-------
  Melee: Hand axe          |    88 |    95 |    24 |       |       ||   207
         Headbutt          |    13 |    11 |    46 |    95 |   183 ||   348
         Punch             |       |     1 |     3 |       |       ||     4
         War axe           |       |       |   253 |     4 |       ||   257
         Broad axe         |       |       |       |   412 |   484 ||   896
         Lochaber axe      |       |       |       |       |   559 ||   559
  Throw: Dart              |       |       |     8 |    15 |       ||    23
         Boomerang         |       |       |       |     1 |       ||     1
 Invoke: Berserk           |     2 |     1 |     7 |    14 |     8 ||    32
         Trog's Hand       |     2 |     1 |     4 |    13 |    10 ||    30
  Evoke: Wand              |       |     1 |       |       |       ||     1
    Use: Scroll            |       |       |     6 |    15 |    11 ||    32
         Potion            |       |       |       |     1 |     2 ||     3
 Armour: Animal skin       |    45 |     4 |       |       |       ||    49
         Robe              |       |    13 |       |    14 |       ||    27
         Chain mail        |       |    23 |   157 |   174 |   258 ||   612
         Leather armour    |       |       |       |    22 |       ||    22
         Acid dragon scale |       |       |       |       |     1 ||     1
         Plate armour      |       |       |       |       |   165 ||   165
  Dodge: Dodged            |    50 |    48 |   144 |   251 |   637 ||  1130
  Block: Buckler           |       |       |       |    76 |     5 ||    81
         Kite shield       |       |       |       |       |   160 ||   160

Table legend: (Time is in decaauts)
 A = Elapsed time spent in this place.
 B = Non-inter-level travel time spent in this place.
 C = Inter-level travel time spent in this place.
 D = Time resting spent in this place.
 E = Time spent auto-exploring this place.
 F = Levels seen in this place.
 G = Mean time per level.
                   A        B        C        D        E       F      G
               +--------+--------+--------+--------+--------+-----+--------+
         Total |  19461 |  17647 |   1814 |   1561 |  11243 |  22 |  884.6 |
       Dungeon |  10431 |   9323 |   1108 |   1033 |   5989 |  12 |  869.2 |
          Lair |   5255 |   4866 |    389 |    208 |   3337 |   5 | 1051.0 |
         Swamp |    228 |    228 |      0 |     30 |     37 |   1 |  228.0 |
  Orcish Mines |   2272 |   1956 |    316 |     89 |   1377 |   2 | 1136.0 |
      Ice Cave |    737 |    737 |      0 |    125 |    327 |   1 |  737.0 |
      Gauntlet |    536 |    536 |      0 |     72 |    175 |   1 |  536.0 |
               +--------+--------+--------+--------+--------+-----+--------+

Top non-repeatable levels by time:
   Orc:2: 1880 daAuts
    D:10: 1417 daAuts
  Lair:5: 1295 daAuts
     D:5: 1072 daAuts
    D:12: 1070 daAuts
  Lair:1: 1028 daAuts
  Lair:3: 1011 daAuts
  Lair:4: 997 daAuts
    D:11: 932 daAuts
  Lair:2: 922 daAuts
     D:2: 909 daAuts
     D:7: 861 daAuts
     D:1: 793 daAuts
     D:4: 771 daAuts
   IceCv: 737 daAuts
